Map: Ice and Chrome LE

Players

LetaLL

  • Race: Terran Terran
  • Spawn Location: 1:00

Throwfordays - Winner!

  • Race: Protoss Protoss
  • League: Silver
  • Spawn Location: 7:00

VOD

Have the link to the VOD?

Description

Time

  • Played on: July 17, 2020, 7:13 p.m.
  • Length: 1:41
Show
View Real Time Build Order
Export as new Build Order

LetaLL Terran 

Build Orders:  

Get SALT Encoding   

  12  0:03  SCV  
  13  0:19  Supply Depot  
  13  0:22  SCV  
  14  0:35  SCV  
  15  0:42  Barracks  
  15  0:50  SCV  
  15  0:55  Refinery  
Show
View Real Time Build Order
Export as new Build Order

Throwfordays Protoss - Winner!

Build Orders: Cannon Rush 

Get SALT Encoding   

  12  0:08  Pylon  
  12  0:26  Forge  
  12  0:28  Probe  
  13  0:37  Pylon  
  13  0:38  Probe  
  14  0:59  Photon Cannon  
  14  1:01  Probe  
  14  1:09  Probe  
  15  1:14  Pylon  
  16  1:35  Photon Cannon  
  16  1:37  Photon Cannon  
Tags
 
League
Silver
Matchup
PvT
Replay Pack
Multiplayer
Spawn Locations
Cross Positions
Add a new tag
Caveats
  • Supply blocks, unpowered buildings, or Contaminate may cause inaccurate times.
  • Supply counts are checked every 10 seconds.